 Dungeon Crawl Stone Soup version 0.19.4-8-ga85b6b9 (console) character file.

679827 itsmu the Metallomancer (level 27, -7/207 HPs)
             Began as a Formicid Earth Elementalist on Feb 6, 2017.
             Was a High Priest of Sif Muna.
             Mangled by an Orb Guardian (29 damage)
             ... on level 5 of the Realm of Zot on Feb 7, 2017.
             The game lasted 09:45:36 (148337 turns).

itsmu the Metallomancer (FoEE)                    Turns: 148337, Time: 09:45:39

Health: -7/207     AC: 11    Str: 17    XL:     27
Magic:  11/42      EV: 26    Int: 30    God:    Sif Muna [*****.]
Gold:   4655       SH: 17    Dex: 15    Spells: 16 memorised, 4 levels left

rFire  + + .     SeeInvis +     b - staff of earth
rCold  + + +     Gourm    .     M - +2 robe {rC+ rF+}
rNeg   . . .     Faith    +     F - +3 shield {reflect}
rPois  +         Spirit   .     (helmet unavailable)
rElec  +         Reflect  +     t - +2 cloak of Resonance {rF+ rC+ Str-4 Int+4 Stlth+}
rCorr  .         Harm     .     h - +0 pair of gloves {Dex+3}
MR     ++...                    S - +2 pair of boots
Stlth  +++.......               k - amulet "Xowkiome" {Faith rElec Int+4}
                                y - ring "Tegam" {rC+ Str+5}
                                x - ring of poison resistance

@: repel missiles
A: permanent stasis, dig shafts and tunnels, four strong arms, antennae 3, dopey
2, low mp 1, strong 1, wild magic 1
a: Dig, Shaft Self, Divine Energy, Channel Magic, Forget Spell, Renounce
Religion
}: 3/15 runes: decaying, serpentine, silver


You were on level 5 of the Realm of Zot.
You worshipped Sif Muna.
Sif Muna was extremely pleased with you.
You were hungry.

You visited 10 branches of the dungeon, and saw 50 of its levels.
You visited the Abyss 1 time.
You also visited: Bailey.

You collected 8634 gold pieces.
You spent 3979 gold pieces at shops.

Inventory:

Hand Weapons
 a - a +3 bardiche of freezing
   (You took it off a tengu reaver on level 2 of the Depths)
 P - a +0 blowgun
   (You took it off a kobold on level 10 of the Dungeon)
Missiles
 W - 33 curare-tipped needles
Armour
 h - a +0 pair of gloves of dexterity (worn)
   (You acquired it on level 1 of the Depths)
 t - the +2 cloak of Resonance (worn) {rF+ rC+ Str-4 Int+4 Stlth+}
   (You acquired it on level 4 of the Swamp)

   It affects your strength (-4).
   It affects your intelligence (+4).
   It protects you from fire.
   It protects you from cold.
   It makes you more stealthy.
 F - a +3 shield of reflection (worn)
   (You took it off Donald on level 2 of the Snake Pit)
 M - a +2 robe of resistance (worn)
   (You took it off a naga mage on level 2 of the Snake Pit)
 S - a +2 pair of boots (worn)
   (You found it on level 3 of the Swamp)
Magical Staves
 b - an uncursed staff of earth (weapon)
   (You took it off Jorgrun on level 2 of the Swamp)
Jewellery
 k - the amulet "Xowkiome" (around neck) {Faith rElec Int+4}
   (You took it off a naga sharpshooter on level 4 of the Snake Pit)

   [amulet of faith]

   It allows you to gain divine favour quickly.
   It affects your intelligence (+4).
   It insulates you from electricity.
 x - a ring of poison resistance (left hand)
   (You found it on level 8 of the Dungeon)
 y - the ring "Tegam" (right hand) {rC+ Str+5}
   (You acquired it on level 4 of the Vaults)

   [ring of protection from cold]

   It affects your strength (+5).
   It protects you from cold.
 z - an uncursed ring of protection from magic
   (You bought it in a shop on level 2 of the Orcish Mines)
 B - an uncursed ring of protection from fire
   (You bought it in a shop on level 2 of the Orcish Mines)
 C - an uncursed ring of resist corrosion
   (You found it on level 3 of the Snake Pit)
 I - a cursed ring of protection from fire
   (You took it off a frost giant on level 2 of the Realm of Zot)
 L - an uncursed ring of positive energy
   (You found it on level 9 of the Dungeon)
 U - an uncursed ring of flight
   (You found it on level 2 of the Elven Halls)
Wands
 j - a wand of acid (7/15)
   (You found it on level 1 of the Swamp)
 u - a wand of disintegration (17/24)
   (You took it off a naga mage on level 2 of the Depths)
 w - a wand of teleportation (7/9)
   (You took it off a tengu conjurer on level 4 of the Depths)
 G - a wand of heal wounds (0/9)
   (You bought it in a shop on level 14 of the Dungeon)
 H - a wand of heal wounds (6/9)
   (You found it on level 10 of the Dungeon)
 T - a wand of digging (6/24)
   (You found it on level 5 of the Vaults)
 Y - a wand of iceblast (4/15)
   (You found it on level 3 of the Depths)
 Z - a wand of heal wounds (5/9)
   (You bought it in a shop on level 14 of the Dungeon)
Scrolls
 e - 19 scrolls of identify
 f - 30 scrolls of remove curse
 m - 3 scrolls of fear
 p - a scroll of silence
 A - 5 scrolls of fog
 D - 3 scrolls of holy word
 N - 3 scrolls of recharging
Potions
 i - 8 potions of agility
 n - 4 potions of ambrosia
 o - 3 potions of brilliance
 r - 5 potions of curing
 E - a potion of resistance
 J - 6 potions of cure mutation {!q}
 K - 2 potions of might
 O - 2 potions of heal wounds
 R - 2 potions of invisibility
 X - 13 potions of flight
Miscellaneous
 d - a crystal ball of energy
   (You found it on level 2 of the Elven Halls)
 l - a fan of gales
   (You found it on level 3 of the Elven Halls)
 v - a lamp of fire
   (You found it on level 3 of the Elven Halls)
 Q - a phial of floods
   (You found it on level 3 of the Elven Halls)
 V - 3 sacks of spiders
Comestibles
 g - 2 bread rations
 q - 10 meat rations
 s - a royal jelly


   Skills:
 - Level 15.0 Fighting
 * Level 23.0 Polearms
 * Level 18.9 Dodging
 - Level 2.4 Stealth
 - Level 17.0 Shields
 + Level 19.7 Spellcasting
 - Level 15.0 Conjurations
 - Level 9.0 Charms
 - Level 4.6 Necromancy
 - Level 1.1 Transmutations
 * Level 25.4 Earth Magic
 - Level 10.2 Invocations
 - Level 9.1 Evocations


You had 4 spell levels left.
You knew the following spells:

 Your Spells              Type           Power        Failure   Level  Hunger
a - Shatter               Erth           #########.   14%         9    ######.
b - Stone Arrow           Conj/Erth      ######       1%          3    None
c - Animate Dead          Necr           N/A          3%          4    None
d - Iron Shot             Conj/Erth      ########..   1%          6    None
e - Iskenderun's Battles  Conj/Chrm      #######.     1%          5    None
f - Lee's Rapid Deconstr  Erth           #########.   1%          5    None
g - Sticky Flame          Conj/Fire      #######.     1%          4    None
h - Conjure Flame         Conj/Fire      #######.     1%          3    None
i - Spectral Weapon       Hex/Chrm       ######..     1%          3    None
j - Statue Form           Tmut/Erth      ########.    1%          6    None
z - Swiftness             Chrm/Air       ######..     1%          2    None
A - Apportation           Tloc           #####.....   2%          1    None
O - Repel Missiles        Chrm/Air       ######       1%          2    None
P - Song of Slaying       Chrm           #######.     1%          2    None
Q - Ozocubu's Armour      Chrm/Ice       ######..     1%          3    None
R - Regeneration          Chrm/Necr      ######....   1%          3    None


Dungeon Overview and Level Annotations

Branches:
Dungeon (15/15)            Temple (1/1) D:5            Lair (6/6) D:9
  Swamp (4/4) Lair:4        Snake (4/4) Lair:2        Slime (0/5) Lair:5
    Orc (2/2) D:9             Elf (3/3) Orc:2        Vaults (5/5) D:13
 Depths (5/5) D:15            Zot (5/5) Depths:5
  Crypt: Vaults:2-3

Altars:
Ashenzari
Cheibriados
Dithmenos
Elyvilon
Fedhas
Gozag
Hepliaklqana
Kikubaaqudgha
Makhleb
Nemelex Xobeh
Okawaru
Qazlal
Ru
Sif Muna
Trog
Uskayaw
Vehumet
Xom
Yredelemnul
Zin
The Shining One
Beogh

Shops:
D:4 *   D:14 *   Orc:2 (*[=   Vaults:2 ?

Portals:
Hell: Depths:1 Depths:2 Depths:3 Depths:4 Depths:5
Abyss: Depths:4 Depths:5
Pandemonium: Depths:3
Ziggurat: Depths:1

Annotations:
D:7 steam dragon vault?
D:8 exclusion: door
Lair:3 anthole
Vaults:3 Mennas
Depths:3 fuckvault, exclusion: door


Innate Abilities, Weirdness & Mutations

You are under a permanent stasis effect.
You can dig through walls and to a lower floor.
Your four strong arms can wield two-handed weapons with a shield.
You have a pair of large antennae on your head. (SInv)
You are very dopey. (Int -4)
Your magical capacity is low. (-10% MP)
Your muscles are strong. (Str +2)
Your spells are a little harder to cast, but a little more powerful.


Message History

Press: ? - help, Shift-Dir - straight line, f - you You feel much better.
This wand has 0 charges left.
You block the Orb Guardian's attack. x2; The Orb Guardian hits you.
* * * LOW HITPOINT WARNING * * *
The orb of fire glows yellow.
The bolt of fire misses you. The Orb Guardian misses you. x2
Evoke which item? (* to show all) (? for menu, Esc to quit)
This wand has no charges.
You block the Orb Guardian's attack. The Orb Guardian hits you!
* * * LOW HITPOINT WARNING * * *
The Orb Guardian completely misses you. x2
Evoke which item? (* to show all) (? for menu, Esc to quit)
This wand has no charges.
The orb of fire emits a lurid red light.
Strange energies course through your body.
You feel less energetic. The Orb Guardian hits you!!
* * * LOW HITPOINT WARNING * * *
You block the Orb Guardian's attack. The Orb Guardian hits you!!
You die...

*,......?.....^......# ##....
*,...................# #.....
*,...................# ##[....
*,...................###......
**..................###...####
*#..............).##....##
*#...............^...###
▓▓.....##▓▓▓▓▓▓▓▓▓▓▓#
*▓........^aX....▓▓▓*
*▓.........*XX*......***
**.......^............,,**
*,..................).,,,* ***
*,....................,,,***,,
**....................,,,**,,,
*▓...................,,,*,,,,
▓▓..................,,,,,,,,
**...................,,,*,,,,


You could see an orb of fire, 3 Orb Guardians and a friendly battlesphere.

Vanquished Creatures
  An ancient lich (Zot:5)
  4 orbs of fire
  3 juggernauts
  A caustic shrike (Depths:4)
  6 Killer Klowns
  2 curse toes
  Saint Roka (Depths:5)
  9 golden dragons
  A golden dragon (shapeshifter) (Depths:2)
  2 bone dragons
  An iron giant (shapeshifter) (Depths:4)
  5 liches
  Jorgrun (Swamp:2)
  6 electric golems
  13 tentacled monstrosities
  10 Orb Guardians (Zot:5)
  7 quicksilver dragons
  4 titans
  4 deep elf master archers
  3 deep elf blademasters
  10 sphinxes
  5 death cobs
  10 shadow dragons
  4 thorn hunters
  12 tengu reavers
  Kirke (Snake:3)
  Donald (Snake:2)
  Roxanne (Swamp:2)
  17 storm dragons
  7 draconian monks
  The ghost of Thomus the Severer, an adept HOFi of Okawaru (Swamp:2)
  18 fire giants
  An azure jelly (shapeshifter) (Depths:2)
  14 nagarajas
  10 deep elf sorcerers
  12 vault wardens
  13 frost giants
  A ghost moth (Zot:2)
  2 iron dragons
  A frost giant (shapeshifter) (Depths:2)
  6 draconian scorchers
  2 orc warlords (Orc:2)
  7 draconian zealots
  8 draconian shifters
  7 draconian knights
  10 ironheart preservers
  4 draconian annihilators
  An angel (D:14)
  9 deep elf elementalists
  28 very ugly things
  A spriggan defender (Depths:5)
  The ghost of TryAgain the Fighter, a journeyman GrFi of the Shining One (Swamp:4)
  A juggernaut skeleton (Depths:1)
  5 war gargoyles
  5 draconian callers
  6 deep elf demonologists
  17 stone giants
  2 vampire knights
  A lorocyproca (Depths:1)
  3 entropy weavers
  10 green draconians
  13 mottled draconians
  14 black draconians
  9 white draconians
  17 deep elf annihilators
  9 purple draconians
  A dire elephant (shapeshifter) (Vaults:5)
  15 spark wasps
  Azrael (D:14)
  A spark wasp (shapeshifter) (Vaults:5)
  14 yellow draconians
  12 red draconians
  A crystal guardian (Depths:2)
  3 jiangshi
  32 ettins
  7 deep elf death magi
  A minotaur (shapeshifter) (Depths:2)
  A blizzard demon (Depths:1)
  14 deep elf high priests
  Snorg (Lair:3)
  21 fire dragons
  Fannar (Lair:2)
  16 great orbs of eyes
  9 ogre magi
  2 ghost crabs
  22 ice dragons
  10 yaktaur captains
  5 rakshasas
  A juggernaut simulacrum (Depths:2)
  25 vault guards
  11 spriggan air magi
  2 catoblepae
  27 hydras
  28 naga warriors
  15 anacondas
  2 centaur warriors (D:15)
  33 dancing weapons
  5 alligators
  A queen ant (Lair:3)
  7 deep troll shamans
  5 death knights
  15 deep troll earth magi
  4 vampire magi
  10 death yaks
  4 orc high priests
  9 tengu warriors
  9 shock serpents
  Urug (D:14)
  4 spriggan berserkers
  16 spriggans
  A soul eater (Depths:1)
  A fire crab (shapeshifter) (Depths:5)
  2 shadow wraiths
  26 deep elf knights
  19 naga sharpshooters
  6 unseen horrors
  6 hell knights
  5 iron trolls
  A small abomination (Elf:3)
  A skeletal warrior (Vaults:2)
  An iron troll (shapeshifter) (Vaults:5)
  A salamander mystic (Snake:3)
  5 shambling mangroves
  3 wizards
  7 swamp dragons
  16 naga ritualists
  7 glowing orange brains
  A glowing orange brain (shapeshifter) (Vaults:5)
  35 deep trolls
  A flayed ghost (Vaults:2)
  11 deep elf archers
  An obsidian statue (Depths:1)
  11 ironbrand convokers
  A harpy (shapeshifter) (Vaults:1)
  8 necromancers
  5 hill giants
  A lindwurm (Lair:6)
  9 orc knights
  4 phantasmal warriors
  A tengu skeleton (Depths:1)
  8 orc sorcerers
  8 mana vipers
  2 orb spiders (shapeshifter)
  9 wolf spiders
  2 human zombies
  A faun (shapeshifter) (Vaults:1)
  2 harpies
  34 ugly things
  A frost giant zombie (Vaults:1)
  61 deep elf magi
  45 moths of wrath
  2 manticores
  A salamander (shapeshifter) (Vaults:2)
  18 salamanders
  4 cyclopes
  10 guardian serpents
  65 black mambas
  8 elephants
  A rust devil (Depths:1)
  An eye of devastation (shapeshifter) (Vaults:2)
  24 naga magi
  A spiny frog (shapeshifter) (Elf:3)
  3 molten gargoyles (Lair:6)
  A gargoyle (D:13)
  7 centaur zombies
  A guardian serpent (shapeshifter) (Elf:2)
  2 black mambas (shapeshifter)
  2 torpor snails (Lair:2)
  2 yaktaur zombies
  An orange demon (Depths:1)
  11 vault sentinels
  A kobold demonologist (Depths:4)
  23 spiny frogs
  8 freezing wraiths
  A hellion (Depths:5)
  An efreet (D:15)
  64 yaktaurs
  8 rime drakes
  12 komodo dragons
  A hellwing (Depths:5)
  3 tengu conjurers
  2 ice devils (Depths:1)
  2 jumping spiders (shapeshifter)
  3 red devils
  A guardian mummy (Zot:2)
  2 polar bears (shapeshifter)
  A tengu simulacrum (Vaults:3)
  A two-headed ogre (shapeshifter) (Vaults:3)
  14 two-headed ogres
  A merfolk (shapeshifter) (Depths:4)
  6 tyrant leeches
  A wolf spider simulacrum (D:15)
  27 hornets
  29 blink frogs
  A hippogriff (shapeshifter) (Elf:3)
  8 trolls
  8 bog bodies
  Prince Ribbit (D:7)
  11 hippogriffs
  17 dream sheep
  A snapping turtle (shapeshifter) (Elf:1)
  54 slime creatures
  An ettin zombie (Vaults:2)
  2 ettin skeletons (Vaults:2)
  A spriggan (shapeshifter) (Depths:2)
  4 water elementals
  10 redbacks
  15 air elementals
  A tarantella (Vaults:2)
  5 wraiths
  2 wyverns (shapeshifter)
  8 wyverns
  A shadow (D:11)
  A human (shapeshifter) (Depths:4)
  A basilisk (shapeshifter) (Depths:3)
  60 yaks
  6 basilisks
  2 steam dragons
  5 fire elementals
  2 hogs (Snake:3)
  Grum (D:8)
  20 humans
  10 vampire mosquitoes
  3 hungry ghosts
  4 mottled dragons
  Menkaure (D:7)
  81 nagas
  13 wargs
  A warg (shapeshifter) (Vaults:5)
  20 swamp worms
  16 water moccasins
  8 porcupines
  8 soldier ants (Lair:3)
  A floating eye (Depths:4)
  7 hell hounds
  13 swamp drakes
  2 black bears
  2 sky beasts
  2 ice beasts (shapeshifter)
  45 orc warriors
  20 ice beasts
  A black bear (shapeshifter) (Vaults:4)
  An eye of draining (shapeshifter) (D:14)
  An eye of draining (D:10)
  42 ogres
  3 necrophages (D:10)
  9 wolves
  6 centaurs
  An elf skeleton (Vaults:1)
  13 boggarts
  15 crocodiles
  6 big kobolds
  Blork the orc (D:4)
  20 bullfrogs
  A wyvern zombie (D:10)
  8 earth elementals
  A gnoll sergeant (D:10)
  A scorpion (shapeshifter) (Vaults:5)
  10 scorpions
  A water moccasin skeleton (D:10)
  A human simulacrum (Vaults:1)
  3 killer bees (D:4)
  15 wights
  6 electric eels
  2 howler monkeys (D:10)
  5 lava snakes (Lair:6)
  16 crimson imps
  2 quasits (D:10)
  4 jellies
  25 orc wizards
  A gnoll shaman (D:4)
  22 orc priests
  3 bullfrog skeletons
  11 hounds
  4 iron imps
  4 centaur skeletons
  44 worker ants
  5 iguanas
  Natasha (thrice) (D:4)
  2 yak simulacra (Lair:4)
  A polar bear simulacrum (Lair:4)
  5 wolf simulacra (Lair:4)
  A killer bee zombie (D:10)
  2 hound zombies
  2 hound skeletons (D:4)
  2 worker ant zombies
  6 gnolls
  22 adders
  2 shadow imps
  4 white imps (Depths:1)
  An adder skeleton (D:5)
  2 adder zombies
  5 worms
  3 dart slugs
  6 leopard geckos
  119 orcs
  An orc (shapeshifter) (Depths:4)
  A ball python (D:4)
  5 giant cockroaches
  8 goblins
  5 hobgoblins
  6 jackals
  2 quokkas
  10 bats
  3 frilled lizards
  A giant cockroach zombie (D:5)
  A jackal skeleton (D:5)
  21 kobolds
  2 leopard gecko skeletons (D:4)
  2 quokka skeletons
  2 quokka zombies
  9 rats
  3 river rat simulacra (Lair:4)
  2 crawling corpses (Elf:3)
2684 creatures vanquished.

Vanquished Creatures (collateral kills)
  Asterion (Orc:2)
1 creature vanquished.

Vanquished Creatures (others)
  A deep elf master archer (Elf:3)
  A vault warden (Vaults:5)
  A draconian shifter (Zot:2)
  2 stone giants
  3 yaktaur captains
  2 naga sharpshooters
  A deep elf archer (Elf:2)
  A cyclops (Vaults:1)
  A deep elf mage (Elf:2)
  A moth of wrath (Zot:5)
  3 yaktaurs
  3 humans (Snake:3)
  A crimson imp (Depths:2)
  30 fungi
  9 plants
  2 spectral weapons
62 creatures vanquished.

Grand Total: 2747 creatures vanquished

Notes
Turn   | Place    | Note
-------+----------+-------------------------------------------
     0 | D:1      | itsmu the Formicid Earth Elementalist began the quest for the Orb.
     0 | D:1      | Reached XP level 1. HP: 13/13 MP: 3/3
   312 | D:1      | Reached XP level 2. HP: 19/19 MP: 2/5
   384 | D:1      | Reached skill level 4 in Earth Magic
  1269 | D:2      | Reached XP level 3. HP: 24/24 MP: 3/7
  1417 | D:2      | Learned a level 3 spell: Stone Arrow
  1609 | D:2      | Found a sacrificial altar of Ru.
  1738 | D:2      | Reached XP level 4. HP: 30/30 MP: 5/8
  1879 | D:2      | Reached skill level 1 in Conjurations
  2797 | D:3      | Reached XP level 5. HP: 35/35 MP: 4/10
  2845 | D:3      | Learned a level 5 spell: Lee's Rapid Deconstruction
  3207 | D:3      | Found a burning altar of Makhleb.
  3213 | D:3      | Found a glowing silver altar of Zin.
  3213 | D:3      | Noticed an angel
  3214 | D:3      | Noticed a cacodemon
  3282 | D:3      | Reached skill level 5 in Earth Magic
  3768 | D:4      | Reached XP level 6. HP: 35/41 MP: 5/11
  3846 | D:4      | Noticed Natasha
  3861 | D:4      | Killed Natasha
  4052 | D:4      | Noticed Natasha
  4059 | D:4      | Killed Natasha
  4069 | D:4      | Noticed Natasha
  4074 | D:4      | Killed Natasha
  4074 | D:4      | Reached skill level 6 in Earth Magic
  4167 | D:4      | Noticed Blork the orc
  4282 | D:4      | Killed Blork the orc
  4282 | D:4      | Reached XP level 7. HP: 36/46 MP: 5/13
  4666 | D:4      | Found Ysucsac's Assorted Antiques.
  4676 | D:4      | Bought a scroll labeled KERUXZ RAMOPTA for 25 gold pieces
  4676 | D:4      | Bought a scroll labeled ITIGAM ESENG for 25 gold pieces
  4676 | D:4      | Bought a shiny ruby ring for 125 gold pieces
  4955 | D:4      | Reached skill level 7 in Earth Magic
  5412 | D:4      | Reached XP level 8. HP: 52/52 MP: 8/15
  5687 | D:5      | Entered Level 5 of the Dungeon
  5860 | D:5      | Found a staircase to the Ecumenical Temple.
  5874 | Temple   | Entered the Ecumenical Temple
  5899 | Temple   | Became a worshipper of Sif Muna the Loreminder
  6015 | D:5      | Reached skill level 8 in Earth Magic
  6028 | D:5      | Reached skill level 5 in Spellcasting
  6028 | D:5      | Reached skill level 1 in Invocations
  7562 | D:6      | Reached * piety under Sif Muna
  7562 | D:6      | Reached XP level 9. HP: 57/57 MP: 9/17
  7811 | D:6      | Reached skill level 9 in Earth Magic
  7916 | D:6      | Reached skill level 5 in Conjurations
  8310 | D:7      | hm
  8549 | D:7      | Noticed Menkaure
  8756 | D:7      | Killed Menkaure
  8756 | D:7      | Reached skill level 5 in Invocations
  8757 | D:7      | lol
  8791 | D:7      | Found a flagged portal.
  8798 | Bailey   | Entered a bailey
  8817 | Bailey   | lol
  8817 | Bailey   | not clever
  9062 | D:7      | Found a sparkling altar of Nemelex Xobeh.
  9081 | D:7      | Noticed Prince Ribbit
  9086 | D:7      | Killed Prince Ribbit
  9086 | D:7      | Reached ** piety under Sif Muna
  9608 | D:8      | Found a radiant altar of Vehumet.
  9609 | D:8      | Reached XP level 10. HP: 63/63 MP: 18/20
  9681 | D:8      | Reached skill level 10 in Earth Magic
  9682 | D:8      | Noticed Grum
  9686 | D:8      | Killed Grum
  9687 | D:8      | bit mean
  9945 | D:8      | Found a stormy altar of Qazlal.
  9946 | D:8      | Found a hazy altar of Hepliaklqana.
 10901 | D:9      | Reached *** piety under Sif Muna
 10984 | D:9      | Reached skill level 1 in Shields
 11128 | D:9      | Found a staircase to the Lair.
 11160 | D:9      | Found a staircase to the Orcish Mines.
 11523 | D:10     | Entered Level 10 of the Dungeon
 12296 | D:10     | Noticed a hill giant
 12560 | D:10     | Reached XP level 11. HP: 68/68 MP: 5/23
 12798 | D:10     | !
 13176 | D:10     | Reached skill level 11 in Earth Magic
 13335 | D:9      | Reached skill level 5 in Shields
 13516 | Lair:1   | Entered Level 1 of the Lair of Beasts
 13604 | Lair:1   | Learned a level 4 spell: Petrify
 13687 | Lair:1   | Reached **** piety under Sif Muna
 14336 | Lair:1   | Reached skill level 1 in Fighting
 14811 | Lair:2   | Noticed Fannar
 15108 | Lair:2   | Noticed a seven-headed hydra
 15134 | Lair:2   | Killed a seven-headed hydra
 15842 | Lair:2   | Reached XP level 12. HP: 78/81 MP: 17/25
 15989 | Lair:2   | Noticed a four-headed hydra
 16002 | Lair:2   | Killed a four-headed hydra
 16068 | Lair:2   | Found a staircase to the Snake Pit.
 16903 | Lair:3   | Reached skill level 12 in Earth Magic
 16904 | Lair:3   | Noticed Snorg
 16931 | Lair:3   | jesus
 17299 | Lair:2   | Killed Fannar
 18134 | Lair:4   | Found a staircase to the Swamp.
 18453 | Lair:4   | Reached skill level 5 in Fighting
 18616 | Lair:1   | Reached skill level 10 in Invocations
 19001 | D:10     | Reached skill level 10 in Spellcasting
 19055 | D:10     | Reached ***** piety under Sif Muna
 19527 | D:11     | Identified Sif Muna's Volume of Ashen Calling (Sif Muna gifted it to you on level 11 of the Dungeon)
 19527 | D:11     | Received a gift from Sif Muna
 19577 | D:10     | Learned a level 6 spell: Iron Shot
 20117 | D:10     | Reached XP level 13. HP: 82/92 MP: 6/27
 21691 | Lair:3   | Killed Snorg
 21691 | Lair:3   | Reached skill level 13 in Earth Magic
 21692 | Lair:3   | fuck you snorg
 22090 | Lair:3   | Noticed a four-headed hydra
 22095 | Lair:3   | Killed a four-headed hydra
 23443 | Lair:5   | Noticed a catoblepas
 24317 | Lair:5   | Got a shimmering iron amulet
 24328 | Lair:4   | Identified the amulet of Free Expression {Regen+ SInv} (You found it on level 5 of the Lair of Beasts)
 24329 | Lair:4   | eh
 24410 | Lair:5   | Found a staircase to the Slime Pits.
 24497 | Lair:5   | Reached skill level 10 in Conjurations
 24898 | Lair:5   | Killed a catoblepas
 25047 | Lair:6   | Entered Level 6 of the Lair of Beasts
 25054 | Lair:6   | Reached XP level 14. HP: 67/104 MP: 8/29
 25217 | Lair:6   | Got a crystal falchion
 25319 | Lair:6   | Identified the +8 falchion of Departure {pain, +Inv rC+} (You found it on level 6 of the Lair of Beasts)
 25766 | Lair:6   | Received a gift from Sif Muna
 26243 | Lair:6   | Reached skill level 14 in Earth Magic
 27863 | Lair:6   | Found a large runed door.
 29203 | Lair:6   | Identified Sif Muna's Incunabulum of Creative Displacement (Sif Muna gifted it to you on level 6 of the Lair of Beasts)
 29203 | Lair:6   | Received a gift from Sif Muna
 29366 | Lair:6   | Found a large runed door.
 29372 | Lair:6   | Reached XP level 15. HP: 114/114 MP: 18/31
 30100 | D:9      | Found a roughly hewn altar of Beogh.
 31250 | D:11     | Reached skill level 10 in Fighting
 32447 | D:11     | Reached skill level 5 in Dodging
 33554 | D:12     | Reached skill level 15 in Earth Magic
 34956 | D:13     | Identified Sif Muna's Collected Works on Bewitchment (Sif Muna gifted it to you on level 13 of the Dungeon)
 34956 | D:13     | Received a gift from Sif Muna
 36333 | D:13     | Found a gate to the Vaults.
 37401 | D:14     | Noticed Urug
 37404 | D:14     | Killed Urug
 37491 | D:14     | Noticed an angel
 37493 | D:14     | Found a glowing silver altar of Zin.
 37497 | D:14     | Found Wowaast's Hallowed Reliquary.
 37505 | D:14     | wow
 37505 | D:14     | Bought a potion of heal wounds for 75 gold pieces
 37628 | D:14     | Reached XP level 16. HP: 125/125 MP: 18/32
 38383 | D:14     | Noticed Azrael
 38400 | D:14     | Killed Azrael
 38907 | D:15     | Entered Level 15 of the Dungeon
 40098 | D:15     | Found a staircase to the Depths.
 40454 | Orc:1    | Entered Level 1 of the Orcish Mines
 40637 | Orc:2    | Entered Level 2 of the Orcish Mines
 40674 | Orc:2    | Found Soklal's Antique Armour Boutique.
 41159 | Orc:2    | not better
 41723 | Orc:2    | Reached skill level 16 in Earth Magic
 41992 | Orc:2    | Bought a glowing cloak for 252 gold pieces
 42229 | Orc:2    | Found Upnaev's General Store.
 43121 | Orc:2    | Identified Sif Muna's Reference Book on Battle Magic (Sif Muna gifted it to you on level 2 of the Orcish Mines)
 43121 | Orc:2    | Received a gift from Sif Muna
 43626 | Orc:2    | Found Xacw's Jewellery Shoppe.
 43634 | Orc:2    | Bought an uncursed ring of protection from fire for 400 gold pieces
 43732 | Orc:2    | Found Duroetra's Antique Weapon Shop.
 43918 | Orc:2    | Found a staircase to the Elven Halls.
 43936 | Orc:2    | bunch of shite
 44253 | Depths:1 | Entered Level 1 of the Depths
 44687 | Depths:1 | Found a gateway to a ziggurat.
 44985 | Depths:1 | Reached XP level 17. HP: 131/131 MP: 5/34
 45483 | D:15     | what the hell
 45715 | Snake:1  | Entered Level 1 of the Snake Pit
 47174 | Snake:1  | Identified a scroll of acquirement
 48319 | Snake:1  | Reached skill level 10 in Shields
 49045 | Snake:1  | Identified Sif Muna's Almanac of Destructive Translocation (Sif Muna gifted it to you on level 1 of the Snake Pit)
 49045 | Snake:1  | Received a gift from Sif Muna
 49662 | D:4      | Bought a long smoking staff for 300 gold pieces
 49768 | Lair:1   | Got a pair of ancient boots
 49779 | Lair:1   | Identified the -3 pair of boots of Nauvvya {Regen+ Str-5 Int+3 Dex+4} (You acquired it on level 1 of the Lair of Beasts)
 51865 | Snake:2  | Noticed Donald
 51897 | Snake:2  | Killed Donald
 51897 | Snake:2  | Reached XP level 18. HP: 141/141 MP: 9/36
 56344 | Snake:3  | Noticed Kirke
 56347 | Snake:3  | Killed Kirke
 56347 | Snake:3  | Received a gift from Sif Muna
 57601 | Snake:4  | Entered Level 4 of the Snake Pit
 58814 | Snake:4  | Reached XP level 19. HP: 153/153 MP: 24/37
 60109 | Snake:4  | Reached skill level 15 in Fighting
 60944 | Snake:4  | Reached skill level 15 in Conjurations
 60968 | Snake:4  | Reached skill level 17 in Earth Magic
 61153 | Snake:4  | Identified Sif Muna's Collected Works on the Congealing Voyage (Sif Muna gifted it to you on level 4 of the Snake Pit)
 61153 | Snake:4  | Received a gift from Sif Muna
 61465 | Snake:4  | Reached skill level 1 in Polearms
 64095 | Orc:2    | Found Soklal's Antique Armour Boutique.
 64124 | Orc:2    | Found Upnaev's General Store.
 64196 | Orc:2    | Found Xacw's Jewellery Shoppe.
 64221 | Orc:2    | Found a staircase to the Elven Halls.
 64474 | Elf:1    | Entered Level 1 of the Elven Halls
 64476 | Elf:1    | Noticed Asterion
 65974 | Snake:4  | Got a transparent emerald amulet
 66178 | Snake:3  | Identified the amulet "Xowkiome" {Faith rElec Int+4} (You took it off a naga sharpshooter on level 4 of the Snake Pit)
 66418 | Snake:4  | Reached XP level 20. HP: 149/162 MP: 3/38
 67122 | Snake:4  | Got a serpentine rune of Zot
 68317 | Lair:3   | Reached skill level 15 in Spellcasting
 70082 | Depths:1 | Reached skill level 5 in Polearms
 71826 | Depths:1 | Reached skill level 18 in Earth Magic
 72194 | Depths:1 | Got a heavily runed chain mail
 72239 | Depths:1 | Found a gateway to Hell.
 72568 | Depths:1 | Identified the +4 chain mail "Diatuog" {*Contam Str+9 Int+4} (You found it on level 1 of the Depths)
 72610 | Depths:1 | Gained mutation: You are dopey. (Int -2) [mutagenic glow]
 74740 | Depths:1 | Reached XP level 21. HP: 141/168 MP: 2/40
 75333 | D:15     | Reached skill level 10 in Dodging
 75654 | Swamp:1  | Entered Level 1 of the Swamp
 76047 | Vaults:1 | Entered Level 1 of the Vaults
 76534 | Vaults:1 | Reached skill level 1 in Evocations
 77394 | Orc:2    | Bought a scroll of acquirement for 832 gold pieces
 79669 | Vaults:2 | Learned a level 1 spell: Apportation
 83055 | Vaults:2 | Received a gift from Sif Muna
 83081 | Vaults:2 | Learned a level 5 spell: Iskenderun's Battlesphere
 83435 | Vaults:2 | Found Xieng's Magic Scroll Emporium.
 83590 | Vaults:2 | Gained mutation: Your spells are a little harder to cast, but a little more powerful. [potion of beneficial mutation]
 84160 | Vaults:2 | Reached XP level 22. HP: 134/175 MP: 30/42
 85175 | Vaults:2 | Reached skill level 5 in Evocations
 85508 | Vaults:2 | Reached skill level 19 in Earth Magic
 86844 | Vaults:3 | Noticed Mennas
 87873 | Orc:2    | Killed Asterion
 89507 | Elf:1    | Received a gift from Sif Muna
 89598 | Elf:1    | Learned a level 4 spell: Sticky Flame
 89722 | Elf:2    | Reached skill level 1 in Charms
 90212 | Elf:2    | Reached skill level 15 in Shields
 90494 | Elf:2    | ???????????????????????????????????????
 90771 | Elf:2    | Reached XP level 23. HP: 177/181 MP: 31/43
 90824 | Elf:2    | Found a huge runed gate.
 90824 | Elf:2    | Found a huge runed gate.
 90835 | Elf:2    | Found a huge runed gate.
 91890 | Elf:2    | Reached skill level 10 in Polearms
 92380 | Elf:3    | Entered Level 3 of the Elven Halls
 92854 | Elf:3    | Learned a level 3 spell: Conjure Flame
 92857 | Elf:3    | Learned a level 2 spell: Repel Missiles
 92860 | Elf:3    | Learned a level 2 spell: Swiftness
 93877 | Elf:3    | Identified Vuqoes's Incunabulum of Excruciating Summoning (Sif Muna gifted it to you on level 3 of the Elven Halls)
 93877 | Elf:3    | Received a gift from Sif Muna
 93888 | Elf:3    | Cast into level 2 of the Abyss (a deep elf sorcerer)
 93889 | Abyss:2  | noooooooo
 93928 | Elf:3    | Escaped the Abyss
 93929 | Elf:3    | oh my goodness
 93931 | Elf:2    | that would probably not even get me a notch
 93978 | Orc:2    | but i'll take what i can get i suppose
 93978 | Orc:2    | Bought an uncursed ring of protection from magic for 400 gold pieces
 93980 | Orc:2    | nice
 93980 | Orc:2    | oh not perm
 93982 | Orc:2    | oh i did get a notch
 95859 | Elf:3    | Reached XP level 24. HP: 188/188 MP: 34/44
 96574 | Elf:3    | Reached skill level 20 in Earth Magic
 96733 | Elf:3    | Identified Leugguq's Grimoire of Harmful Dislocation
 97474 | Elf:3    | Learned a level 2 spell: Song of Slaying
 97479 | Elf:3    | Learned a level 3 spell: Regeneration
 97483 | Elf:3    | Learned a level 3 spell: Spectral Weapon
 97535 | Elf:3    | Got a dazzling dagger {vamp}
 97806 | Lair:1   | Identified the +8 dagger of the Hero {vamp, rPois rF- rN+ Dex+4} (You took it off a deep elf annihilator on level 3 of the Elven Halls)
 98047 | Depths:1 | Reached skill level 5 in Charms
 98136 | Depths:1 | Identified Sif Muna's Reference Book on the Glacial Rocks (Sif Muna gifted it to you on level 1 of the Depths)
 98136 | Depths:1 | Received a gift from Sif Muna
 98144 | Depths:1 | Learned a level 3 spell: Ozocubu's Armour
 99727 | Depths:2 | Got jewelled pearl dragon scales
 99742 | Depths:1 | Identified the +2 pearl dragon scales "Huusots" {rN+ Str+2} (You found it on level 2 of the Depths)
100538 | Depths:2 | Reached skill level 1 in Necromancy
100895 | Depths:2 | Noticed a golden dragon
100897 | Depths:2 | Killed a golden dragon
100897 | Depths:2 | Received a gift from Sif Muna
102584 | Depths:3 | Found a shattered altar of Ashenzari.
103441 | Depths:3 | Noticed a juggernaut
103488 | Depths:2 | Killed a juggernaut
103488 | Depths:2 | Reached XP level 25. HP: 164/194 MP: 10/44
105509 | Depths:3 | Found a one-way gate leading to the halls of Pandemonium.
105652 | Depths:3 | oh my god
106541 | Depths:3 | Noticed a caustic shrike
106761 | Depths:4 | Identified Posycs's Volume of Damaging Unholy Arts (Sif Muna gifted it to you on level 4 of the Depths)
106761 | Depths:4 | Received a gift from Sif Muna
107650 | Depths:4 | Found a one-way gate to the infinite horrors of the Abyss.
107747 | Depths:4 | Noticed a caustic shrike
107749 | Depths:4 | a caustic shrike changed into an acid blob
107934 | Depths:4 | ??
108085 | Depths:4 | rude
109518 | Depths:4 | hm
109909 | Depths:3 | whoops
110912 | Depths:4 | Found a runed door.
110913 | Depths:4 | Noticed a caustic shrike
111035 | Depths:4 | i know this vault
111038 | Depths:4 | can't remember what it is though
111088 | Depths:4 | Reached skill level 21 in Earth Magic
111123 | Depths:4 | giant vault maybe??
111247 | Depths:4 | Reached XP level 26. HP: 181/201 MP: 16/44
111577 | Depths:4 | Got a sapphire war axe {speed}
111578 | Depths:4 | nice crossbow
111582 | Depths:4 | Identified the +8 war axe of Hoesibby {speed, *Contam *Noise +Blink Str+9} (You took it off a spriggan on level 4 of the Depths)
111583 | Depths:4 | arrrgrgghhghr
111879 | Depths:4 | Noticed a juggernaut
111889 | Depths:4 | Killed a juggernaut
112035 | Depths:4 | really
112039 | Depths:4 | Got a faintly glowing triple sword
112041 | Depths:4 | Identified the +0 triple sword "Mucu Baoti" {slice, Str+2} (You found it on level 4 of the Depths)
112895 | Depths:4 | Identified Sif Muna's Compendium of Shifting Feathers (Sif Muna gifted it to you on level 4 of the Depths)
112895 | Depths:4 | Received a gift from Sif Muna
112998 | Depths:5 | Entered Level 5 of the Depths
112999 | Depths:5 | oh right this is going to be enchantress shit aint it
113245 | Depths:5 | .
113392 | Depths:5 | Noticed Saint Roka
114168 | Depths:5 | Noticed a juggernaut
114178 | Depths:5 | Killed a juggernaut
114390 | Depths:5 | Got a faintly glowing whip {slash}
114775 | Depths:5 | Killed Saint Roka
116142 | Lair:1   | Identified the +9 whip "Piahuw Xoes" {slash, Str+6} (You took it off a spriggan berserker on level 5 of the Depths)
116993 | Swamp:2  | Noticed Thomus's ghost (adept HOFi)
117006 | Swamp:2  | Killed Thomus's ghost
117164 | Swamp:2  | Noticed Jorgrun
117186 | Swamp:2  | erm
117186 | Swamp:2  | what
117192 | Swamp:2  | Killed Jorgrun
117428 | Swamp:2  | Got a shadowed robe
117429 | Swamp:2  | Identified the +1 robe of Sipenkod {+Fly rF++ Dex-5} (You took it off a spriggan on level 2 of the Swamp)
117430 | Swamp:2  | the dex kills it imo
118020 | Swamp:2  | Noticed Roxanne
118023 | Swamp:2  | Killed Roxanne
118031 | Swamp:2  | Identified Roxanne's Reference Book on the Mountains (You took it off Roxanne on level 2 of the Swamp)
118036 | Swamp:2  | Reached skill level 15 in Polearms
118051 | Swamp:2  | Learned a level 6 spell: Statue Form
119714 | Swamp:4  | Entered Level 4 of the Swamp
119811 | Swamp:4  | Got a crude cloak
119822 | Swamp:4  | Identified the +2 cloak of Resonance {rF+ rC+ Str-4 Int+4 Stlth+} (You acquired it on level 4 of the Swamp)
119822 | Swamp:4  | what does strength even do any more
119823 | Swamp:4  | nice
119921 | Swamp:4  | Reached XP level 27. HP: 207/207 MP: 29/44
121162 | Swamp:4  | Noticed TryAgain's ghost (journeyman GrFi)
121189 | Swamp:4  | Killed TryAgain's ghost
121688 | Swamp:4  | Got a decaying rune of Zot
122552 | Lair:1   | Learned a level 4 spell: Animate Dead
122571 | Lair:1   | Learned a level 9 spell: Shatter
124089 | Vaults:4 | wow
124098 | Vaults:4 | Got a translucent copper ring
124099 | Vaults:4 | Identified the ring "Tegam" {rC+ Str+5} (You acquired it on level 4 of the Vaults)
124263 | Vaults:5 | Entered Level 5 of the Vaults
125148 | Vaults:4 | lol really 2?
126881 | Vaults:5 | Reached skill level 15 in Dodging
127437 | Vaults:5 | Got a silver rune of Zot
128039 | Vaults:5 | Received a gift from Sif Muna
128082 | Vaults:5 | Identified Bywiofro's Collected Works on Arcane Weapons
128762 | D:14     | Bought a wand of heal wounds (3/9) for 630 gold pieces
128762 | D:14     | Bought a wand of heal wounds (2/9) for 540 gold pieces
128762 | D:14     | Bought a potion of cure mutation for 375 gold pieces
128776 | D:14     | Reached skill level 22 in Earth Magic
129137 | Vaults:3 | oh right he flies
129486 | Vaults:2 | ok welll so much for crypt
130962 | Depths:5 | Identified the cursed +1 chain mail of Lanimiy {rC+ MR+++ Int-2 SInv} (You took it off a tengu warrior on level 5 of the Depths)
131201 | Depths:5 | maybe i could statue form and kill mennas??
131215 | Depths:5 | Found a gate to the Realm of Zot.
131423 | Zot:1    | Entered Level 1 of the Realm of Zot
131474 | Zot:1    | wtf is happening
131832 | Depths:5 | hm
132385 | Vaults:3 | welp
133286 | Vaults:2 | hmmmmm
133483 | Lair:1   | this doesn't feel good
133483 | Lair:1   | i'm so weak somehow
134915 | Depths:5 | Identified Vejeipn's Disquisition on Harmful Snow (Sif Muna gifted it to you on level 5 of the Depths)
134915 | Depths:5 | Received a gift from Sif Muna
136431 | Zot:1    | Reached skill level 23 in Earth Magic
137421 | Zot:2    | Identified Sif Muna's Collected Works on Black Rituals (Sif Muna gifted it to you on level 2 of the Realm of Zot)
137421 | Zot:2    | Received a gift from Sif Muna
140578 | Zot:2    | Received a gift from Sif Muna
141313 | Zot:3    | Reached skill level 24 in Earth Magic
141435 | Zot:3    | Noticed an orb of fire
141810 | Zot:3    | Gained mutation: Your muscles are strong. (Str +2) [an orb of fire]
141812 | Zot:3    | Gained mutation: You are very dopey. (Int -4) [an orb of fire]
141817 | Zot:3    | Killed an orb of fire
143295 | Zot:3    | Noticed an orb of fire
143375 | Zot:3    | Killed an orb of fire
143928 | Zot:3    | Identified Sif Muna's Handbook of Companions and Evil Rites (Sif Muna gifted it to you on level 3 of the Realm of Zot)
143928 | Zot:3    | Received a gift from Sif Muna
145255 | Zot:5    | Entered Level 5 of the Realm of Zot
145588 | Zot:5    | oh god why so many vaults
146557 | Zot:5    | Reached skill level 25 in Earth Magic
147172 | Zot:5    | Noticed an orb of fire
147187 | Zot:5    | Killed an orb of fire
147187 | Zot:5    | Received a gift from Sif Muna
147572 | Zot:5    | Noticed an ancient lich
147666 | Zot:5    | Killed an ancient lich
148111 | Zot:5    | Noticed an orb of fire
148126 | Zot:5    | Killed an orb of fire
148326 | Zot:5    | Noticed an orb of fire
148337 | Zot:5    | Gained mutation: Your magical capacity is low. (-10% MP) [an orb of fire]
148337 | Zot:5    | Mangled by an Orb Guardian

Skill      XL: |  1  2  3  4  5  6  7  8  9 10 11 12 13 14 15 16 17 18 19 20 21 22 23 24 25 26 27 |
---------------+----------------------------------------------------------------------------------+-----
Earth Magic    | 4 5 6 7 8 9 10 11 12 13 14 15 16 17 18 19 20 21 25 | 25.4
Spellcasting   | 3 4 5 7 8 9 10 11 12 13 14 15 16 17 19 | 19.7
Conjurations   | 1 2 3 4 5 6 7 8 10 11 12 13 14 15 | 15.0
Invocations    | 3 5 7 8 10 | 10.2
Shields        | 3 6 9 11 12 13 14 15 16 17 | 17.0
Fighting       | 3 5 7 9 11 12 14 15 | 15.0
Dodging        | 4 6 7 8 9 10 11 12 13 14 18 | 18.9
Polearms       | 3 6 8 9 10 11 12 15 23 | 23.0
Evocations     | 4 7 8 9 |  9.1
Charms         | 1 4 9 |  9.0
Necromancy     | 4 |  4.6
Stealth        | |  2.4
Transmutations | |  1.1

Action                   |  1- 3 |  4- 6 |  7- 9 | 10-12 | 13-15 | 16-18 | 19-21 | 22-24 | 25-27 || total
-------------------------+-------+-------+-------+-------+-------+-------+-------+-------+-------++-------
Melee: Unarmed           |     1 |       |       |       |       |       |       |       |       ||     1
       Long sword        |       |    11 |     3 |       |       |       |       |       |       ||    14
       Dagger            |       |       |    40 |     3 |       |       |       |       |       ||    43
       Staff             |       |       |       |     1 |     2 |     2 |       |    21 |    11 ||    37
       Demon trident     |       |       |       |       |       |       |   112 |   101 |   359 ||   572
       Bardiche          |       |       |       |       |       |       |       |       |   435 ||   435
 Fire: Blowgun           |       |       |       |       |       |       |     1 |     7 |       ||     8
 Cast: Sandblast         |    55 |   117 |   192 |    82 |   253 |   141 |    58 |       |       ||   898
       Stone Arrow       |       |       |    41 |   283 |   344 |   358 |   383 |   369 |   327 ||  2105
       Lee's Rapid Decon |       |       |     6 |    32 |    84 |   130 |   211 |   195 |   203 ||   861
       Iron Shot         |       |       |       |     4 |   127 |   282 |   342 |   223 |   926 ||  1904
       Petrify           |       |       |       |       |       |     1 |       |       |       ||     1
       Iskenderun's Batt |       |       |       |       |       |       |       |    55 |   142 ||   197
       Apportation       |       |       |       |       |       |       |       |     6 |    23 ||    29
       Repel Missiles    |       |       |       |       |       |       |       |     2 |    11 ||    13
       Regeneration      |       |       |       |       |       |       |       |    11 |    61 ||    72
       Ozocubu's Armour  |       |       |       |       |       |       |       |    11 |    41 ||    52
       Song of Slaying   |       |       |       |       |       |       |       |     3 |     1 ||     4
       Spectral Weapon   |       |       |       |       |       |       |       |       |     6 ||     6
       Shatter           |       |       |       |       |       |       |       |       |    16 ||    16
       Statue Form       |       |       |       |       |       |       |       |       |     8 ||     8
       Swiftness         |       |       |       |       |       |       |       |       |     3 ||     3
       Animate Dead      |       |       |       |       |       |       |       |       |     2 ||     2
Invok: Channel Magic     |       |       |       |       |     3 |     5 |     1 |     1 |     4 ||    14
 Abil: Dig               |     2 |     2 |     5 |    10 |    16 |    25 |    11 |     5 |    38 ||   114
       Evoke Flight      |       |       |       |       |       |       |       |       |     9 ||     9
       End Transformatio |       |       |       |       |       |       |       |       |     1 ||     1
Evoke: Wand              |       |       |       |     5 |    13 |    20 |    10 |     3 |    20 ||    71
       Phantom mirror    |       |       |       |       |       |       |       |     2 |       ||     2
       Staff of energy   |       |       |       |       |       |       |       |       |     1 ||     1
  Use: Scroll            |       |     9 |     9 |     8 |    22 |     6 |     5 |     7 |    31 ||    97
       Potion            |       |     1 |     1 |     4 |     6 |     1 |     5 |     5 |    17 ||    40
 Stab: Sleeping          |       |     1 |     1 |     1 |       |       |     1 |     1 |       ||     5
       Paralysed         |       |       |       |       |       |     1 |       |       |       ||     1
       Distracted        |       |       |       |       |       |       |       |       |     2 ||     2
  Eat: Chunk             |     3 |     8 |    17 |    21 |    61 |   127 |    93 |    59 |    86 ||   475
       Beef jerky        |       |       |     1 |       |     6 |     1 |     4 |     1 |       ||    13
       Pizza             |       |       |     1 |       |     1 |     2 |     1 |       |     5 ||    10
       Meat ration       |       |       |       |     4 |     2 |     3 |     1 |     1 |     7 ||    18
       Bread ration      |       |       |       |     1 |     3 |     4 |    12 |     5 |     4 ||    29
       Fruit             |       |       |       |       |    22 |     6 |     9 |     3 |    10 ||    50
       Royal jelly       |       |       |       |       |       |     1 |       |       |     3 ||     4
Armor: Robe              |     9 |    16 |    23 |    19 |    73 |    72 |    45 |    35 |   152 ||   444
       Skin              |       |     3 |       |       |       |       |       |       |    68 ||    71
Dodge: Dodged            |    22 |    42 |    97 |    90 |   208 |   204 |   280 |   218 |   876 ||  2037
       Deflected         |       |       |       |       |       |       |       |    11 |    48 ||    59
Block: Buckler           |       |       |       |    19 |    69 |    10 |       |       |       ||    98
       Shield            |       |       |       |       |       |   220 |   294 |   259 |   884 ||  1657
       Reflection        |       |       |       |       |       |     8 |    52 |    46 |    75 ||   181
       Rpst.: Long sword |       |    11 |     1 |       |       |       |       |       |       ||    12
